Map: Ulrena

Players

KyuUbI

  • Race: Terran Terran

capac - Winner!

  • Race: Terran Terran
  • League: Gold

VOD

Have the link to the VOD?

Description

Time

  • Played on: Feb. 20, 2016, 4:28 p.m.
  • Length: 6:03
Show
View Real Time Build Order
Export as new Build Order

KyuUbI Terran 

Build Orders: MMM Bio 

Get SALT Encoding   

  12  0:01  SCV  
  13  0:14  SCV  
  13  0:18  Supply Depot  
  14  0:26  SCV  
  15  0:39  SCV  
  15  0:42  Barracks  
  16  0:47  Refinery  
  16  0:52  SCV  
  17  1:07  SCV  
  18  1:19  SCV  
  19  1:31  SCV  
  20  1:34  Reaper  
  21  1:44  SCV  
  22  1:56  SCV  
  23  2:10  Refinery  
  23  2:12  Command Center  
  23  2:15  Supply Depot, SCV  
  24  2:37  SCV  
  24  3:06  Orbital Command  
  24  3:10  Factory  
  24  3:17  Barracks Tech Lab  
  24  3:19  Barracks  
  24  3:20  Barracks  
  24  3:22  Barracks  
  24  3:23  Barracks  
  24  3:38  Stimpack  
  24  3:40  Marauder  
  26  3:55  Orbital Command  
  26  3:56  Factory Tech Lab  
  26  4:09  Barracks Reactor  
  25  4:11  Barracks Reactor  
  25  4:12  Barracks Tech Lab  
  25  4:16  Barracks Reactor  
  25  4:20  Siege Tank  
  28  4:24  SCV x2  
  30  4:33  Combat Shields  
  30  4:34  Marine  
  30  4:36  Marine, SCV  
  33  4:46  Starport  
  33  4:47  Marine  
  33  4:48  Marine  
  33  4:50  Marine  
  33  4:52  Marine  
  37  4:54  SCV  
  39  5:03  Supply Depot  
  39  5:06  Marine x2  
  40  5:22  Marauder x2  
  40  5:23  Marine x2  
  40  5:25  Starport Reactor, Marine x2  
  40  5:27  Siege Tank  
  40  5:28  SCV x2  
  53  5:37  Supply Depot  
Show
View Real Time Build Order
Export as new Build Order

capac Terran - Winner!

Build Orders:  

Get SALT Encoding   

  12  0:00  SCV  
  13  0:13  SCV  
  14  0:18  Supply Depot  
  14  0:29  SCV  
  15  0:41  SCV  
  16  0:42  Barracks  
  16  0:48  Refinery  
  16  0:56  SCV  
  17  1:08  SCV  
  18  1:27  SCV  
  19  1:39  SCV  
  21  1:40  Barracks Reactor  
  21  1:45  Barracks  
  20  1:51  SCV  
  21  2:07  Orbital Command  
  21  2:09  Supply Depot  
  21  2:21  Command Center  
  21  2:23  Marine x2  
  22  2:36  Marine  
  21  2:52  Marine  
  22  3:02  Marine  
  23  3:07  Refinery, Factory  
  23  3:13  Command Center  
  23  3:16  Marine x2  
  25  3:25  Barracks Tech Lab  
  25  3:33  SCV  
  26  3:44  Marine x2  
  26  3:46  SCV  
  29  3:57  Starport  
  29  3:59  Factory Reactor  
  29  4:03  SCV  
  31  4:21  SCV  
  31  4:22  Engineering Bay  
  31  4:44  Marine  
  31  4:45  Marine  
  33  4:46  Marine  
  33  4:48  Medivac x2  
  38  4:56  Supply Depot  
  38  4:58  SCV  
  39  5:00  Factory Tech Lab  
  39  5:02  Marine  
  40  5:10  SCV  
  40  5:12  Orbital Command  
  41  5:23  Marine x3  
  41  5:28  SCV  
  45  5:39  SCV  
  45  5:40  SCV  
  47  5:51  SCV  
Tags
 
Composition
MMM Bio
League
Gold
Matchup
TvT
Race
Terran
Add a new tag
Caveats
  • Supply blocks, unpowered buildings, or Contaminate may cause inaccurate times.
  • Supply counts are checked every 10 seconds.